 Dungeon Crawl Stone Soup version 0.26-b1-32-g5d43845318 (webtiles) character file.

Game seed: 11774257844181710319

4495 Borgoz the Basher (level 10, -8/63 HPs)
             Began as a Gargoyle Gladiator on Jan 11, 2021.
             Mangled by a sun demon (17 damage)
             ... summoned by an obsidian statue
             ... on level 9 of the Dungeon.
             The game lasted 00:11:09 (6419 turns).

Borgoz the Basher (Gargoyle Gladiator)              Turns: 6419, Time: 00:11:09

Health: -8/63      AC: 18    Str: 18    XL:     10   Next: 38%
Magic:  10/10      EV: 13    Int:  9    God:
Gold:   432        SH:  0    Dex: 14    Spells: 9/9 levels left

rFire    . . .     SeeInvis +   v - +1 flail (drain)
rCold    . . .     Faith    .   (no shield)
rNeg     + + .     Spirit   .   t - +0 scale mail
rPois    ∞         Reflect  .   c - +0 helmet
rElec    +         Harm     .   (no cloak)
rCorr    .         Rampage  .   i - +1 pair of gloves
Will     .....                  (no boots)
Stlth    ..........             l - amulet of regeneration
HPRegen  0.60/turn              n - ring of see invisible
MPRegen  0.12/turn              p - ring of positive energy

@: no status effects
A: negative energy resistance 1, electricity resistance, unbreathing,
petrification resistance, miasma immunity, AC +7
a: no special abilities


You were on level 9 of the Dungeon.
You visited 2 branches of the dungeon, and saw 10 of its levels.
You also visited: Ossuary.

You collected 432 gold pieces.

Inventory:

Hand Weapons
 v - a +1 flail of draining (weapon)
Missiles
 d - 6 throwing nets (quivered)
Armour
 c - a +0 helmet (worn)
 i - a +1 pair of gloves (worn)
 t - a +0 scale mail (worn)
Jewellery
 l - an amulet of regeneration (around neck)
 n - a ring of see invisible (left hand)
 p - a ring of positive energy (right hand)
Wands
 z - a wand of flame (29)
Scrolls
 a - 2 scrolls of magic mapping {unknown}
 b - 4 scrolls of blinking
 e - 3 scrolls of fog
 f - a scroll of enchant armour {unknown}
 j - 2 scrolls of remove curse
 k - a scroll of noise {unknown}
 r - a scroll of immolation {unknown}
 x - a scroll of fear {unknown}
 y - 2 scrolls of teleportation
Potions
 g - 14 potions of curing
 h - 2 potions of flight
 m - a potion of magic
 o - a potion of haste
 q - 3 potions of resistance
 s - 2 potions of heal wounds
 u - a potion of brilliance {unknown}
 w - a potion of might {unknown}
 A - a potion of mutation


   Skills:
 + Level 7.5 Fighting
 * Level 9.9 Maces & Flails
 - Level 1.7 Throwing
 + Level 7.1 Armour
 + Level 6.2 Dodging


You had 9 spell levels left.
You didn't know any spells.
Your spell library contained the following spells:

 Spells                   Type           Power        Failure   Level
 Confusing Touch          Hex            0%           98%         3
 Gell's Gravitas          Tloc           0%           98%         3
 Petrify                  Tmut/Erth      0%           100%        4
 Metabolic Englaciation   Hex/Ice        0%           100%        5
 Yara's Violent Unravell  Hex/Tmut       0%           100%        5


Dungeon Overview and Level Annotations

Branches:
Dungeon (9/15)             Temple (1/1) D:6         Ossuary (visited)
   Lair: D:8-11         Orc: D:9-12

Altars:
Ashenzari
Cheibriados
Elyvilon
Fedhas
Gozag
Hepliaklqana
Kikubaaqudgha
Makhleb
Nemelex Xobeh
Okawaru
Qazlal
Ru
Sif Muna
Trog
Uskayaw
Vehumet
Wu Jian
Xom
Yredelemnul
Zin
The Shining One

Shops:
D:4 :

Annotations:
D:9 exclusion: obsidian statue


Innate Abilities, Weirdness & Mutations

You are resistant to torment.
Your stone body is resilient. (AC +7)
You are immune to poison.
You resist negative energy. (rN+)
You are resistant to electric shocks. (rElec)
You can survive without breathing.
You are immune to petrification.
You are immune to miasma.


Message History

The sun demon is heavily wounded.
The sun demon hits you.
You are engulfed in flames!
The leopard gecko barely misses you.
You barely miss the sun demon.
The sun demon is heavily wounded.
The sun demon hits you but does no damage.
The leopard gecko bites you but does no damage.
You hit the sun demon.
The sun demon is heavily wounded.
The sun demon closely misses you. The leopard gecko closely misses you.
You hit the sun demon but do no damage.
The sun demon is heavily wounded.
The sun demon barely misses you.
The leopard gecko bites you but does no damage.
You completely miss the sun demon.
The sun demon is heavily wounded.
The sun demon hits you!!
* * * LOW HITPOINT WARNING * * *
You are engulfed in flames!
You die...

###.#<....# #####.#..
.##.#..##.# #........
..#.#...#.# ##...≈≈§.
........#.# #...##≈##
..#.###.#.# #..§#)§=#
..#.#...#(####..≈≈583§
..#†#.#.........≈#
..#.#.......###33##≈##..
..#.###.....# #.@l≈≈≈...
..#.###.....###.........
......................+.
..#.###############...#
###.### ...# .......
.... ####### .## .#


You could see 2 sun demons and a leopard gecko.

Vanquished Creatures
  A two-headed ogre (D:8)
  Grinder (D:4)
  Prince Ribbit (D:5)
  A hornet (D:8)
  Edmund (D:4)
  An orc warrior (D:7)
  An ice beast (D:8)
  A necrophage (D:6)
  2 black bears
  5 sky beasts
  2 bullfrogs (D:7)
  2 water moccasin zombies (Ossuary)
  2 scorpions
  A wyvern skeleton (D:8)
  11 killer bees
  3 wights (D:8)
  3 electric eels (D:7)
  A howler monkey (D:5)
  2 bullfrog zombies (D:6)
  3 jellies
  6 orc wizards
  4 hounds
  4 orc priests
  A bullfrog skeleton (D:7)
  2 centaur skeletons
  2 worker ants
  3 big kobold zombies (Ossuary)
  A hound zombie (D:6)
  2 mummies (Ossuary)
  4 gnolls (D:8)
  10 adders
  3 shadow imps
  A white imp (D:7)
  5 adder zombies
  3 worms
  2 dart slugs
  3 leopard geckos
  26 orcs
  A ball python (D:6)
  12 bats
  2 giant cockroaches
  11 goblins
  8 hobgoblins
  7 jackals
  8 kobolds
  4 quokkas
  5 frilled lizards
  A gnoll zombie (Ossuary)
  4 hobgoblin zombies (Ossuary)
  5 kobold zombies (Ossuary)
  A leopard gecko zombie (D:6)
  5 orc zombies (Ossuary)
  6 rats
207 creatures vanquished.

Vanquished Creatures (others)
  A leopard gecko skeleton (D:7)
  6 plants
7 creatures vanquished.

Grand Total: 214 creatures vanquished

Notes
Turn   | Place    | Note
-------+----------+-------------------------------------------
     0 | D:1      | Borgoz the Gargoyle Gladiator began the quest for the Orb.
     0 | D:1      | Reached XP level 1. HP: 12/12 MP: 1/1
   303 | D:1      | Reached XP level 2. HP: 17/17 MP: 2/2
   562 | D:1      | Reached XP level 3. HP: 22/22 MP: 3/3
   650 | D:1      | Reached skill level 1 in Armour
  1146 | D:2      | Reached XP level 4. HP: 27/27 MP: 4/4
  1570 | D:3      | Reached skill level 4 in Maces & Flails
  1599 | D:3      | Reached XP level 5. HP: 32/32 MP: 5/5
  2220 | D:4      | Reached XP level 6. HP: 29/37 MP: 6/6
  2466 | D:4      | Noticed Grinder
  2485 | D:4      | Paralysed by Grinder for 6 turns
  2510 | D:4      | Killed Grinder
  2511 | D:4      | Reached skill level 5 in Maces & Flails
  2511 | D:4      | Reached XP level 7. HP: 36/43 MP: 7/7
  2597 | D:4      | Found Nudul's Book Emporium.
  2762 | D:4      | Noticed Edmund
  2787 | D:4      | Killed Edmund
  2992 | D:5      | Entered Level 5 of the Dungeon
  3062 | D:5      | Noticed Prince Ribbit
  3099 | D:5      | Killed Prince Ribbit
  3100 | D:5      | Reached skill level 6 in Maces & Flails
  3103 | D:5      | Reached XP level 8. HP: 36/48 MP: 8/8
  3226 | D:5      | Reached skill level 5 in Fighting
  3355 | D:5      | Found a white marble altar of Elyvilon.
  3367 | D:5      | Reached skill level 7 in Maces & Flails
  3793 | D:6      | Reached skill level 5 in Armour
  3793 | D:6      | Found a white marble altar of Elyvilon.
  3820 | D:6      | Found a sand-covered staircase.
  3842 | Ossuary  | Entered an ossuary
  3863 | Ossuary  | Reached XP level 9. HP: 55/55 MP: 9/9
  3973 | Ossuary  | Reached skill level 5 in Dodging
  4324 | D:6      | Reached skill level 8 in Maces & Flails
  4439 | D:6      | Found a staircase to the Ecumenical Temple.
  4515 | Temple   | Entered the Ecumenical Temple
  5300 | D:7      | Found a broken altar of Ashenzari.
  5420 | D:7      | Found a burning altar of Makhleb.
  5451 | D:7      | Found a shimmering blue altar of Sif Muna.
  5825 | D:8      | Reached skill level 9 in Maces & Flails
  5960 | D:8      | Reached XP level 10. HP: 49/63 MP: 10/10
  6110 | D:8      | Noticed a two-headed ogre
  6129 | D:8      | Killed a two-headed ogre
  6406 | D:9      | Noticed an obsidian statue
  6410 | D:9      | Noticed a sun demon
  6410 | D:9      | Noticed a sun demon
  6419 | D:9      | Mangled by a sun demon

Illustrated notes

Levels and vault maps discovered:
D:1:      nicolae_arrival_washed_ashore, layout_loops_corners,
          minmay_pentomino_x2
D:2:      layout_basic
D:3:      layout_rooms, serial_bayou_pond_e
D:4:      layout_gridville, serial_shops, shop, uniq_grinder, uniq_edmund
D:5:      layout_cave_pools, elyvilon_altar_3, serial_glass, glass_columns_c,
          glass_columns_a, uniq_prince_ribbit1
D:6:      layout_loops_ring, minmay_temple_entry_offerings, basic_altar,
          enter_ossuary_3, dk_noncrumbling_4, moated_statue
D:7:      layout_loops_corners, kennysheep_little_box, kennysheep_mini,
          chequers_big_river, bloody_makhleb
D:8:      layout_rooms
D:9:      layout_basic, nicolae_dithmenos_through_a_glass_darkly,
          dpeg_lair_monsters, special_room [special_room_orc],
          ebering_ghost_disaster_area, dk_noncrumbling_3, minivault_15,
          minmay_misc_feat_enclosed
Temple:   eino_narrow_crystal_temple

Skill      XL: |  1  2  3  4  5  6  7  8  9 10 |
---------------+-------------------------------+-----
Armour         | 1 2 3 4 5 6 7 |  7.1
Dodging        | 3 4 5 6 |  6.2
Fighting       | 3 4 5 7 |  7.5
Maces & Flails | 4 5 6 7 9 |  9.9
Throwing       | |  1.7

Action                   |  1- 3 |  4- 6 |  7- 9 | 10-12 || total
-------------------------+-------+-------+-------+-------++-------
Melee: Flail             |   116 |   202 |   504 |    83 ||   905
Throw: Throwing net      |       |     2 |       |       ||     2
Evoke: Wand              |       |       |     4 |     1 ||     5
  Use: Scroll            |       |     3 |    14 |     1 ||    18
       Potion            |       |     2 |     3 |       ||     5
 Stab: Held in net/web   |       |     1 |       |       ||     1
Armor: Leather armour    |    43 |    31 |       |       ||    74
       Scale mail        |       |   116 |   299 |    46 ||   461
Dodge: Dodged            |    88 |   191 |   327 |    69 ||   675
